TOP OF THE 1ST |
Burlington Senators batting - Pitching for Salem Rebels : RHP Andrew Madden
|
Pitching: RHP Andrew Madden
|
|
Batting: LHB Daniel Spain
|
0-0: Swinging Strike 0-1: Ball 1-1: Ball 2-1: Called Strike 2-2: Strikes out looking
|
Batting: RHB Raymond Bresnahan
|
0-0: Called Strike 0-1: Ball 1-1: Fly out, F7 (Flyball, 78M, EV 88.8 MPH)
|
Batting: RHB Rick Schu
|
0-0: Called Strike 0-1: Ball 1-1: Swinging Strike 1-2: Foul Ball, location: 2F 1-2: Foul Ball, location: 2F 1-2: Strikes out looking
|
Top of the 1st over - 0 runs, 0 hits, 0 errors, 0 left on base; Burlington 0 - Salem 0 |
BOTTOM OF THE 1ST |
Salem Rebels batting - Pitching for Burlington Senators : RHP Erik Hendricks
|
Pitching: RHP Erik Hendricks
|
|
Batting: LHB John Gibbons
|
0-0: Called Strike 0-1: Ball 1-1: Foul Ball, location: 2F 1-2: Strikes out swinging
|
Batting: RHB Daniel Szajko
|
0-0: Called Strike 0-1: Ball 1-1: Foul Ball, location: 2F 1-2: Foul Ball, location: 2F 1-2: Fly out, F8 (Flyball, 78M, EV 88.1 MPH)
|
Batting: LHB Thomas Krupa
|
0-0: Called Strike 0-1: Foul Ball, location: 2F 0-2: Ball 1-2: Fly out, F7 (Flyball, 7D, EV 105.6 MPH)
|
Bottom of the 1st over - 0 runs, 0 hits, 0 errors, 0 left on base; Burlington 0 - Salem 0 |
TOP OF THE 2ND |
Burlington Senators batting - Pitching for Salem Rebels : RHP Andrew Madden
|
Batting: LHB John Skorochocki
|
0-0: Ball 1-0: Ball 2-0: Swinging Strike 2-1: Swinging Strike 2-2: Ball 3-2: Base on Balls
|
Batting: RHB Joseph Lorenz
|
0-0: Ball 1-0: Ball 2-0: Fly out, F8 (Flyball, 89M, EV 90.6 MPH)
|
Batting: LHB Jesus Sandoval
|
0-0: Called Strike 0-1: Grounds into double play, 6-4-3 (Groundball, 6, EV 101.9 MPH)
|
Top of the 2nd over - 0 runs, 0 hits, 0 errors, 0 left on base; Burlington 0 - Salem 0 |
BOTTOM OF THE 2ND |
Salem Rebels batting - Pitching for Burlington Senators : RHP Erik Hendricks
|
Batting: RHB Jorge Monroig
|
0-0: Swinging Strike 0-1: Ball 1-1: Ball 2-1: Foul Ball, location: 2F 2-2: Fly out, F8 (Flyball, 8LM, EV 91.9 MPH)
|
Batting: RHB Dennis Cleveland
|
0-0: Called Strike 0-1: Foul Ball, location: 2F 0-2: Strikes out swinging
|
Batting: RHB Robert O'Connor
|
0-0: Swinging Strike 0-1: Ball 1-1: Fly out, F7 (Line Drive, 7, EV 95.0 MPH)
|
Bottom of the 2nd over - 0 runs, 0 hits, 0 errors, 0 left on base; Burlington 0 - Salem 0 |
TOP OF THE 3RD |
Burlington Senators batting - Pitching for Salem Rebels : RHP Andrew Madden
|
Batting: RHB Glenn Millhauser
|
0-0: Foul Ball, location: 2F 0-1: Foul Ball, location: 2F 0-2: Ball 1-2: Ball 2-2: Strikes out swinging
|
Batting: RHB Ronnie Mears
|
0-0: Foul Ball, location: 2F 0-1: Foul Ball, location: 2F 0-2: SOLO HOME RUN (Flyball, 7D, EV 108.8 MPH), Distance : 355 ft
|
Batting: RHB Brad Bauman
|
0-0: Ball 1-0: Ball 2-0: Ball 3-0: Called Strike 3-1: Base on Balls
|
Batting: LHB Daniel Spain
|
0-0: Ball 1-0: TRIPLE (Flyball, 89XD, EV 103.8 MPH) Brad Bauman scores
|
Batting: RHB Raymond Bresnahan
|
0-0: Fly out, F9 (Flyball, 9S, EV 88.8 MPH)
|
Batting: RHB Rick Schu
|
0-0: Ball 1-0: Foul Ball, location: 2F 1-1: Ball 2-1: Ball 3-1: Fly out, F7 (Line Drive, 7, EV 92.5 MPH)
|
Top of the 3rd over - 2 runs, 2 hits, 0 errors, 1 left on base; Burlington 2 - Salem 0 |
BOTTOM OF THE 3RD |
Salem Rebels batting - Pitching for Burlington Senators : RHP Erik Hendricks
|
Batting: SHB Kelvin Hudson
|
0-0: Called Strike 0-1: DOUBLE (Line Drive, 78D, EV 106.3 MPH)
|
Batting: RHB Melvin Williams
|
0-0: Ball 1-0: Ball 2-0: Foul Ball, location: 2F 2-1: Called Strike 2-2: Foul Ball, location: 2F 2-2: Ground out 4-3 (Groundball, 4M, EV 106.9 MPH) Kelvin Hudson to third
|
Batting: RHB Mark Krynitsky
|
0-0: Called Strike 0-1: Ball 1-1: Foul Ball, location: 2F 1-2: Ball 2-2: Ball 3-2: Base on Balls
|
Batting: LHB John Gibbons
|
0-0: Called Strike 0-1: Ball 1-1: Ball 2-1: Foul Ball, location: 2F 2-2: Foul Ball, location: 2F 2-2: Ball 3-2: SINGLE (Line Drive, 9LS, EV 99.4 MPH) Kelvin Hudson scores Mark Krynitsky to second Runner from 2nd tries for 3rd, SAFE, throw by RF made to third
|
Batting: RHB Daniel Szajko
|
0-0: Foul Ball, location: 2F 0-1: Ball 1-1: SINGLE (Line Drive, 4M, EV 94.4 MPH) Mark Krynitsky scores John Gibbons to second
|
Batting: LHB Thomas Krupa
|
0-0: Ball 1-0: Called Strike 1-1: DOUBLE (Flyball, 89XD, EV 109.4 MPH) John Gibbons scores Daniel Szajko to third
|
Batting: RHB Jorge Monroig
|
0-0: Swinging Strike 0-1: Ball 1-1: Foul Ball, location: 2F 1-2: Ball 2-2: Foul Ball, location: 2F 2-2: Ball 3-2: Base on Balls
|
Batting: RHB Dennis Cleveland
|
0-0: GRAND SLAM HOME RUN (Flyball, 7D, EV 96.3 MPH), Distance : 368 ft
|
Pitching: RHP John Minarcin
|
|
Batting: RHB Robert O'Connor
|
0-0: Ball 1-0: Foul Ball, location: 2F 1-1: Ball 2-1: Foul Ball, location: 2F 2-2: Strikes out swinging
|
Batting: SHB Kelvin Hudson
|
0-0: Ground out 6-3 (Groundball, 6, EV 87.5 MPH)
|
Bottom of the 3rd over - 7 runs, 5 hits, 0 errors, 0 left on base; Burlington 2 - Salem 7 |
TOP OF THE 4TH |
Burlington Senators batting - Pitching for Salem Rebels : RHP Andrew Madden
|
Batting: LHB John Skorochocki
|
0-0: Ball 1-0: Foul Ball, location: 2F 1-1: Ball 2-1: Fly out, F6 (Flyball, 6MD, EV 83.8 MPH)
|
Batting: RHB Joseph Lorenz
|
0-0: Called Strike 0-1: Foul Ball, location: 2F 0-2: Ball 1-2: SINGLE (Line Drive, 7S, EV 87.5 MPH)
|
Batting: LHB Jesus Sandoval
|
0-0: Ball 1-0: Ball 2-0: Ball 3-0: Called Strike 3-1: Grounds into double play, 6-4-3 (Groundball, 6M, EV 106.3 MPH)
|
Top of the 4th over - 0 runs, 1 hit, 0 errors, 0 left on base; Burlington 2 - Salem 7 |
BOTTOM OF THE 4TH |
Salem Rebels batting - Pitching for Burlington Senators : RHP John Minarcin
|
Batting: RHB Melvin Williams
|
0-0: Ball 1-0: Called Strike 1-1: Ball 2-1: Ball 3-1: Base on Balls
|
Batting: RHB Mark Krynitsky
|
0-0: Ball 1-0: Ball 2-0: Grounds into double play, 5-4-3 (Groundball, 56, EV 91.3 MPH)
|
Batting: LHB John Gibbons
|
0-0: Called Strike 0-1: Ball 1-1: Fly out, F8 (Flyball, 89D, EV 77.5 MPH)
|
Bottom of the 4th over - 0 runs, 0 hits, 0 errors, 0 left on base; Burlington 2 - Salem 7 |
TOP OF THE 5TH |
Burlington Senators batting - Pitching for Salem Rebels : RHP Andrew Madden
|
Batting: RHB Glenn Millhauser
|
0-0: Ball 1-0: Ball 2-0: Ball 3-0: Called Strike 3-1: Foul Ball, location: 2F 3-2: Strikes out looking
|
Batting: RHB Ronnie Mears
|
0-0: Called Strike 0-1: Fly out, F8 (Line Drive, 8RD, EV 90.0 MPH)
|
Batting: RHB Brad Bauman
|
0-0: SINGLE (Groundball, P, EV 80.0 MPH) (infield hit)
|
Batting: LHB Daniel Spain
|
0-0: Called Strike 0-1: Swinging Strike 0-2: Ground out 4-3 (Groundball, 4, EV 100.6 MPH)
|
Top of the 5th over - 0 runs, 1 hit, 0 errors, 1 left on base; Burlington 2 - Salem 7 |
BOTTOM OF THE 5TH |
Salem Rebels batting - Pitching for Burlington Senators : RHP John Minarcin
|
Batting: RHB Daniel Szajko
|
0-0: Foul Ball, location: 2F 0-1: Foul Ball, location: 2F 0-2: Ball 1-2: Strikes out swinging
|
Batting: LHB Thomas Krupa
|
0-0: Called Strike 0-1: Ball 1-1: SOLO HOME RUN (Flyball, 89XD, EV 112.5 MPH), Distance : 396 ft
|
Batting: RHB Jorge Monroig
|
0-0: SINGLE (Groundball, 56D, EV 104.4 MPH)
|
Batting: RHB Dennis Cleveland
|
0-0: Ball 1-0: Called Strike 1-1: Fielders Choice at 2nd, 2-4 (Groundball, 2L, EV 70.0 MPH)
|
Batting: RHB Robert O'Connor
|
0-0: Ball 1-0: Called Strike 1-1: Called Strike 1-2: Ball 2-2: Foul Ball, location: 2F 2-2: Ball 3-2: SINGLE (Groundball, 34D, EV 100.0 MPH) Dennis Cleveland to second Dennis Cleveland to third
|
Batting: SHB Kelvin Hudson
|
0-0: Called Strike 0-1: Ball 1-1: Ball 2-1: Foul Ball, location: 2F 2-2: Ball 3-2: Foul Ball, location: 2F 3-2: DOUBLE (Flyball, 78D, EV 93.8 MPH) Dennis Cleveland scores Robert O'Connor to third Robert O'Connor scores
|
Batting: RHB Melvin Williams
|
0-0: Ground out 2-3 (Groundball, 15S, EV 69.4 MPH)
|
Bottom of the 5th over - 3 runs, 4 hits, 0 errors, 1 left on base; Burlington 2 - Salem 10 |
TOP OF THE 6TH |
Burlington Senators batting - Pitching for Salem Rebels : RHP Andrew Madden
|
Batting: RHB Raymond Bresnahan
|
0-0: Ball 1-0: Ball 2-0: Ball 3-0: Called Strike 3-1: Foul Ball, location: 2F 3-2: Fly out, F8 (Flyball, 8RM, EV 97.5 MPH)
|
Batting: RHB Rick Schu
|
0-0: Ball 1-0: Fly out, F8 (Flyball, 8RS, EV 88.1 MPH)
|
Batting: LHB John Skorochocki
|
0-0: Fly out, F7 (Flyball, 7, EV 73.1 MPH)
|
Top of the 6th over - 0 runs, 0 hits, 0 errors, 0 left on base; Burlington 2 - Salem 10 |
BOTTOM OF THE 6TH |
Salem Rebels batting - Pitching for Burlington Senators : RHP John Minarcin
|
Batting: RHB Mark Krynitsky
|
0-0: Called Strike 0-1: Ground out 6-3 (Groundball, 56, EV 80.6 MPH)
|
Batting: LHB John Gibbons
|
0-0: Called Strike 0-1: Called Strike 0-2: Fly out, F8 (Flyball, 8LXD, EV 99.4 MPH)
|
Batting: RHB Daniel Szajko
|
0-0: Reached on error, E5 (Groundball, 56, EV 83.8 MPH)
|
Batting: LHB Thomas Krupa
|
0-0: Ball 1-0: Ball 2-0: Foul Ball, location: 2F 2-1: Fly out, F8 (Line Drive, 8RD, EV 97.5 MPH)
|
Bottom of the 6th over - 0 runs, 0 hits, 1 error, 1 left on base; Burlington 2 - Salem 10 |
TOP OF THE 7TH |
Burlington Senators batting - Pitching for Salem Rebels : RHP Andrew Madden
|
Batting: RHB Joseph Lorenz
|
0-0: Ball 1-0: Ball 2-0: Foul Ball, location: 2F 2-1: Foul Ball, location: 2F 2-2: SINGLE (Flyball, 4D, EV 95.0 MPH)
|
Batting: LHB Jesus Sandoval
|
0-0: Ball 1-0: Called Strike 1-1: SINGLE (Line Drive, 78M, EV 103.8 MPH) Joseph Lorenz to second
|
Batting: RHB Glenn Millhauser
|
0-0: Ball 1-0: Swinging Strike 1-1: Foul Ball, location: 2F 1-2: Foul Ball, location: 2F 1-2: Fielders Choice at 3rd, U5 (Groundball, 5L, EV 76.3 MPH) Jesus Sandoval to second
|
Batting: RHB Ronnie Mears
|
0-0: Foul Ball, location: 2F 0-1: Called Strike 0-2: Ball 1-2: Foul Ball, location: 2F 1-2: Foul Ball, location: 2F 1-2: Strikes out swinging
|
Batting: RHB Brad Bauman
|
0-0: DOUBLE (Groundball, 5L, EV 102.5 MPH) Jesus Sandoval scores Glenn Millhauser to third
|
Batting: LHB Daniel Spain
|
0-0: Ball 1-0: Fly out, F8 (Flyball, 8RD, EV 95.6 MPH)
|
Top of the 7th over - 1 run, 3 hits, 0 errors, 2 left on base; Burlington 3 - Salem 10 |
BOTTOM OF THE 7TH |
Salem Rebels batting - Pitching for Burlington Senators : RHP John Minarcin
|
Pinch Hitting: RHB David Smith
|
0-0: Ball 1-0: Swinging Strike 1-1: Ball 2-1: Swinging Strike 2-2: Ball 3-2: Base on Balls
|
Pitching: RHP Robert Murphy
|
|
Batting: RHB Dennis Cleveland
|
0-0: Ball 1-0: Swinging Strike 1-1: Fly out, F7 (Flyball, 7S, EV 76.3 MPH)
|
Batting: RHB Robert O'Connor
|
0-0: Fly out, F8 (Flyball, 8RXD, EV 101.3 MPH)
|
Batting: SHB Kelvin Hudson
|
0-0: Ball 1-0: Called Strike 1-1: Ball 2-1: Ball 3-1: Foul Ball, location: 2F 3-2: Ground out 4-3 (Groundball, 4, EV 106.9 MPH)
|
Bottom of the 7th over - 0 runs, 0 hits, 0 errors, 1 left on base; Burlington 3 - Salem 10 |
TOP OF THE 8TH |
Burlington Senators batting - Pitching for Salem Rebels : RHP Andrew Madden
|
Now in LF: Frank Wren
|
|
Batting: RHB Raymond Bresnahan
|
0-0: Foul Ball, location: 2F 0-1: Ball 1-1: Fly out, F8 (Flyball, 8RD, EV 96.3 MPH)
|
Batting: RHB Rick Schu
|
0-0: Ground out 6-3 (Groundball, 6, EV 85.0 MPH)
|
Batting: LHB John Skorochocki
|
0-0: Ball 1-0: Ball 2-0: Ball 3-0: Called Strike 3-1: SINGLE (Groundball, 6D, EV 97.5 MPH)
|
Batting: RHB Joseph Lorenz
|
0-0: Ball 1-0: Ball 2-0: Ball 3-0: Called Strike 3-1: Swinging Strike 3-2: Base on Balls John Skorochocki to second
|
Batting: LHB Jesus Sandoval
|
0-0: Called Strike 0-1: Fielders Choice at 2nd, 5-4 (Groundball, 5, EV 85.0 MPH)
|
Top of the 8th over - 0 runs, 1 hit, 0 errors, 2 left on base; Burlington 3 - Salem 10 |
BOTTOM OF THE 8TH |
Salem Rebels batting - Pitching for Burlington Senators : RHP Robert Murphy
|
Batting: RHB Melvin Williams
|
0-0: Ball 1-0: Foul Ball, location: 2F 1-1: Ball 2-1: Fly out, F9 (Line Drive, 9, EV 95.0 MPH)
|
Batting: RHB Mark Krynitsky
|
0-0: Swinging Strike 0-1: Ball 1-1: Ball 2-1: Fly out, F9 (Flyball, 9, EV 85.0 MPH)
|
Batting: LHB John Gibbons
|
0-0: Ball 1-0: Foul Ball, location: 2F 1-1: Ball 2-1: Foul Ball, location: 2F 2-2: Ball 3-2: Base on Balls
|
Batting: RHB Daniel Szajko
|
0-0: Ball John Gibbons is caught stealing 2nd base 2-4
|
Bottom of the 8th over - 0 runs, 0 hits, 0 errors, 0 left on base; Burlington 3 - Salem 10 |
TOP OF THE 9TH |
Burlington Senators batting - Pitching for Salem Rebels : RHP Andrew Madden
|
Batting: RHB Glenn Millhauser
|
0-0: Foul Ball, location: 2F 0-1: Called Strike 0-2: Ball 1-2: Ball 2-2: Foul Ball, location: 2F 2-2: Strikes out looking
|
Batting: RHB Ronnie Mears
|
0-0: Ball 1-0: Foul Ball, location: 2F 1-1: Ball 2-1: Ground out 5-3 (Groundball, 5S, EV 74.4 MPH)
|
Batting: RHB Brad Bauman
|
0-0: Called Strike 0-1: Ball 1-1: Ball 2-1: SINGLE (Groundball, 56D, EV 100.0 MPH)
|
Batting: LHB Daniel Spain
|
0-0: Called Strike 0-1: Fly out, F8 (Flyball, 8RM, EV 96.3 MPH)
|
Top of the 9th over - 0 runs, 1 hit, 0 errors, 1 left on base; Burlington 3 - Salem 10 |
|